[Event "Titled Tuesday Blitz July 26 Early 2022"]
[White "Hercegovac, Neven"]
[Black "Devaev, Alexander"]
[WhiteFideId "2839135"]
[BlackFideId "4169395"]
[WhiteElo "1972"]
[BlackElo "2185"]
[Result "0-1"]
[Round "07"]
[TimeControl "180+1"]
[Date "2022.07.27"]
[WhiteClock "0:00:02"]
[BlackClock "0:00:04"]

1. d4 Nf6 2. c4 e6 3. Nf3 c5 4. d5 exd5 5. cxd5 d6 6. Nc3 g6 7. e4 Bg7 8. h3 O-O 9. Bd3 a6 10. a4 Nbd7 11. O-O Qe7 12. Bf4 Nh5 13. Bh2 Ne5 14. Be2 Nxf3+ 15. Bxf3 Nf6 16. e5 dxe5 17. d6 Qd8 18. Bxe5 Re8 19. Re1 Ra7 20. a5 Bd7 21. Qd2 Bc6 22. Bxc6 bxc6 23. Na4 Nd5 24. Bxg7 Rxe1+ 25. Rxe1 Kxg7 26. Nxc5 Qxd6 27. Ne4 Qb4 28. Qxb4 Nxb4 29. Nc5 Kf6 30. f4 h5 31. g3 Ra8 32. Kf2 Rd8 33. Re2 Rd5 34. Ne4+ Kg7 35. Ng5 Rxa5 36. Re7 Rf5 37. Kf3 a5 38. g4 hxg4+ 39. hxg4 Rxf4+ 40. Kxf4 Nd5+ 41. Ke5 Nxe7 42. Kd6 f5 43. Kxe7 fxg4 44. Ne4 g5 45. Nxg5 Kg6 46. Ne4 Kf5 47. Ng3+ Kf4 48. Nh5+ Ke3 0-1


[Site "https://www.chess.com"]

[Event "Titled Tuesday Blitz July 26 Early 2022"]
[White "Hoang, Canh Huan"]
[Black "Lopez Del Alamo, Antonio"]
[WhiteFideId "12400599"]
[BlackFideId "2227339"]
[WhiteElo "2264"]
[BlackElo "2079"]
[Result "0-1"]
[Round "07"]
[TimeControl "180+1"]
[Date "2022.07.27"]
[WhiteClock "0:00:07"]
[BlackClock "0:00:03"]

1. Nf3 g6 2. d4 Bg7 3. c3 d6 4. Bf4 Nf6 5. h3 O-O 6. e3 b6 7. Bd3 Bb7 8. Nbd2 Nbd7 9. O-O c5 10. Bh2 Rc8 11. Qe2 Re8 12. Rfd1 Qc7 13. Rac1 Qb8 14. Bb5 Qa8 15. Ba6 Bxa6 16. Qxa6 Nb8 17. Qe2 Qb7 18. a4 Nc6 19. Nb3 Ne4 20. Nfd2 Nxd2 21. Nxd2 Na5 22. b4 cxb4 23. cxb4 Nc6 24. Rb1 Nb8 25. b5 Nd7 26. Rdc1 Nf6 27. Nb3 Nd5 28. Qd2 f5 29. Qa2 Kh8 30. Qb2 Rxc1+ 31. Rxc1 Rc8 32. Nd2 Kg8 33. Kf1 Kf7 34. Ke2 Ke8 35. f3 Kd7 36. Kd3 a5 37. e4 fxe4+ 38. fxe4 Nf6 39. d5 Nxd5 40. Qxg7 Rxc1 41. exd5 Qxd5+ 42. Ke2 Rc2 43. Bf4 Qxg2+ 44. Ke3 Qxd2+ 45. Kf3 Qe2+ 46. Kg3 Rc3+ 47. Qxc3 Qe4 48. Be3 Qxa4 49. Qc6+ Ke6 50. Bxb6 Qb3+ 51. Kf2 a4 52. Qc8+ Kf7 53. Be3 a3 54. Qa8 Qxb5 55. Qxa3 Qf5+ 56. Kg3 h5 57. Qb3+ e6 58. Qb7+ Kf6 59. Qb2+ e5 60. Qd2 Ke6 61. Bg5 Qe4 62. Be3 Qd5 63. Qf2 Qe4 64. Qa2+ d5 65. Bf2 Qd3+ 66. Kg2 e4 67. Qb2 Qf3+ 68. Kg1 Kf5 69. Kh2 e3 70. Bg3 e2 71. Qc2+ Ke6 72. Qc8+ Ke7 73. Qc7+ Ke6 74. Qc6+ Kf5 75. Qd7+ Ke4 76. Qe6+ Kd3 77. Qxg6+ Kd2 78. Qg5+ Kd1 79. Qg6 e1=Q 80. Qb1+ Kd2 81. Qxe1+ Kd3 82. Qb1+ Kd4 83. Qb2+ Ke4 84. Qd2 Qe3 85. Qc2+ Qd3 86. Qg2+ Qf3 87. Qc2+ Qd3 88. Qc7 Qf3 89. Kg1 Kd3 90. Kh2 Ke3 91. Qc3+ Ke2 92. Qc2+ Ke3 93. Qc3+ Ke2 94. Qe5+ Qe3 95. Qxh5+ Qf3 96. Qe5+ Kf1 97. Qd4 Qg2# 0-1


[Site "https://www.chess.com"]

[Event "Titled Tuesday Blitz July 26 Early 2022"]
[White "Hoffmann, Asa"]
[Black "Urbina Perez, Juan Antonio"]
[WhiteFideId "2001470"]
[BlackFideId "2217368"]
[WhiteElo "2117"]
[BlackElo "2192"]
[Result "0-1"]
[Round "07"]
[TimeControl "180+1"]
[Date "2022.07.27"]
[WhiteClock "0:00:01"]
[BlackClock "0:00:01"]

1. d4 d5 2. Bg5 f6 3. Bf4 Nc6 4. Nf3 g5 5. Bg3 h5 6. h3 Bf5 7. e3 e6 8. c4 Nb4 9. Na3 c6 10. Qb3 Qa5 11. Nd2 h4 12. Bh2 Nh6 13. Be2 g4 14. Bf4 gxh3 15. gxh3 Nf7 16. Kf1 Rg8 17. cxd5 exd5 18. Rc1 O-O-O 19. Nf3 Bd6 20. Nxh4 Be4 21. Bxd6 Nxd6 22. Nf3 Nf5 23. h4 Nh6 24. Nb1 Na6 25. Nc3 Kb8 26. a3 Qc7 27. Ke1 Qh7 28. Kd2 Qf5 29. Bxa6 Rd7 30. Nxe4 dxe4 31. Ne1 Qxf2+ 32. Be2 Rg2 33. Qd1 Nf5 34. Rc3 c5 35. Nxg2 cxd4 36. Kc1 d3 37. Bg4 Rd5 38. Rf1 Qxg2 39. Bxf5 d2+ 40. Kc2 Qg7 41. Rf4 a6 0-1


[Site "https://www.chess.com"]

[Event "Titled Tuesday Blitz July 26 Early 2022"]
[White "Janaszak, Dawid"]
[Black "Malyi, Viacheslav"]
[WhiteFideId "1119206"]
[BlackFideId "14123983"]
[WhiteElo "2199"]
[BlackElo "2210"]
[Result "1-0"]
[Round "07"]
[TimeControl "180+1"]
[Date "2022.07.27"]
[WhiteClock "0:00:37"]
[BlackClock "0:00:02"]

1. d4 d5 2. Bf4 Nf6 3. Nf3 e6 4. e3 c5 5. Nbd2 Nc6 6. c3 Bd6 7. Ne5 Bxe5 8. dxe5 Nd7 9. Qg4 g6 10. Nf3 Qc7 11. Qg5 h6 12. Qh4 Qd8 13. Qxd8+ Kxd8 14. h4 a6 15. O-O-O Ke7 16. c4 dxc4 17. Bxc4 b5 18. Be2 Nb4 19. a3 Nd5 20. Bg3 Bb7 21. Nd2 c4 22. Bf3 Nc5 23. Kc2 Rac8 24. Ne4 Nxe4 25. Bxe4 Nxe3+ 26. fxe3 Bxe4+ 27. Kc3 Bd3 28. Rd2 a5 29. Rf2 Rb8 30. Rc1 b4+ 31. axb4 axb4+ 32. Kd2 Rhd8 33. Ke1 b3 34. Bf4 Rh8 35. Kd1 Ra8 36. Kd2 Rad8 37. Kc3 Ra8 38. g4 Kf8 39. e4 Kg7 40. Bd2 Bxe4 41. Rcf1 Ra7 42. Be3 Rb7 43. Bc5 Rc8 44. Bd6 Bd3 45. Ra1 h5 46. g5 Bf5 47. Ra4 Kg8 48. Rxc4 Rxc4+ 49. Kxc4 Bc2 50. Kc5 Ra7 51. Rf4 Ra8 52. Be7 Rc8+ 53. Kd6 Re8 54. Rb4 Ra8 55. Bf6 Re8 56. Kd7 Ra8 57. Rb7 Bd1 58. Kd6 Bc2 59. Kc5 Bd1 60. Kd6 Bc2 61. Kd7 Bd1 62. Bd8 Bf3 63. Rxb3 Bd5 64. Rb6 Ra7+ 65. Kd6 Ra8 66. Bf6 Rc8 67. b4 Ra8 68. b5 Kf8 69. Kc5 Rc8+ 70. Kb4 Ke8 71. Rd6 Ra8 72. b6 Rb8 73. Kb5 Be4 74. Rd4 Bd5 75. Ra4 Bf3 76. Ra7 Bg2 77. Re7+ Kf8 78. Kc5 Bd5 79. Rd7 Ke8 80. Rc7 Be4 81. Kd6 Bf3 82. Kc5 Be4 83. Ra7 Bf3 84. Kb5 Be4 85. Ka6 Bd3+ 86. Ka5 Be4 87. Be7 Bd5 88. Bd6 Ra8 89. Rxa8+ Bxa8 90. Ka6 Kd7 91. b7 Bxb7+ 92. Kxb7 f5 93. gxf6 g5 94. f7 1-0


[Site "https://www.chess.com"]

[Event "Titled Tuesday Blitz July 26 Early 2022"]
[White "Jarmula, Lukasz"]
[Black "Rychagov, Andrey"]
[WhiteFideId "1160664"]
[BlackFideId "4119932"]
[WhiteElo "2246"]
[BlackElo "2481"]
[Result "0-1"]
[Round "07"]
[TimeControl "180+1"]
[Date "2022.07.26"]
[WhiteClock "0:00:13"]
[BlackClock "0:00:13"]

1. e4 e6 2. d4 d5 3. e5 c5 4. c3 Qb6 5. Nf3 Nc6 6. a3 Nh6 7. Bd3 Bd7 8. O-O cxd4 9. b4 a6 10. Bb2 Be7 11. cxd4 Nf5 12. Bxf5 exf5 13. Nc3 Be6 14. Na4 Qd8 15. Nc5 b6 16. Nxe6 fxe6 17. Rc1 Qd7 18. Qc2 Na7 19. Qc7 Bd8 20. Qc2 O-O 21. Qe2 Qb5 22. Qxb5 axb5 23. Ne1 Bg5 24. f4 Be7 25. Nd3 Rfc8 26. Kf2 Rc4 27. Ke2 Rac8 28. Kd2 g5 29. g3 Kf7 30. Bc3 Rg8 31. Nb2 Rc6 32. Nd3 h5 33. Ke2 Rgc8 34. Bd2 Rc4 35. Be3 Rc2+ 36. Bd2 gxf4 37. gxf4 R2c4 38. Be3 Nc6 39. Kd2 Rg8 40. Rf2 Nxd4 41. Bxd4 Rxd4 42. Rc7 Ra8 43. Rc3 Rc4 44. Rb3 Rac8 45. Ke3 Re4+ 46. Kd2 Rec4 47. Ke3 Bh4 48. Rg2 Rc2 49. Rxc2 Rxc2 50. Rb2 Rc3 51. Ra2 Be7 52. Kd4 Rc4+ 53. Ke3 Re4+ 54. Kf3 Rd4 55. Ke3 Re4+ 56. Kf3 Rc4 57. Ke3 h4 58. Kf3 h3 59. Ke3 Re4+ 60. Kf3 Bh4 61. Rc2 Rc4 62. Rc1 d4 63. Ke2 Rc3 64. Kd2 Rxc1 65. Nxc1 Bg3 66. hxg3 h2 0-1


[Site "https://www.chess.com"]

[Event "Titled Tuesday Blitz July 26 Early 2022"]
[White "Jeet, Jain"]
[Black "Iljin, Timofey"]
[WhiteFideId "5073022"]
[BlackFideId "14110180"]
[WhiteElo "2055"]
[BlackElo "2404"]
[Result "0-1"]
[Round "07"]
[TimeControl "180+1"]
[Date "2022.07.27"]
[WhiteClock "0:00:06"]
[BlackClock "0:00:05"]

1. Nf3 f5 2. b3 Nf6 3. Bb2 g6 4. d3 Bg7 5. e4 d6 6. g3 O-O 7. Nbd2 e5 8. Bg2 Nc6 9. Qe2 Be6 10. Ng5 Bd7 11. h3 h6 12. Ngf3 Qe8 13. O-O-O b5 14. Nh4 a5 15. f4 a4 16. exf5 gxf5 17. fxe5 dxe5 18. Rhf1 axb3 19. axb3 Nh5 20. Nxf5 Bxf5 21. Bxc6 Qxc6 22. Qxh5 Bxd3 23. Rxf8+ Bxf8 24. Qg4+ Kh7 25. c4 Bg6 26. Nf3 Bd6 27. Nxe5 Qe4 28. Qd7+ Kg8 29. Nxg6 Qe3+ 30. Kc2 Qe2+ 31. Rd2 Qe4+ 32. Rd3 Qe2+ 33. Rd2 Qe4+ 34. Kd1 Qxg6 35. cxb5 Re8 36. Rd4 Qb1+ 37. Kd2 Qxb2+ 38. Kd3 Qe2+ 39. Kc3 Re3+ 0-1


[Site "https://www.chess.com"]

[Event "Titled Tuesday Blitz July 26 Early 2022"]
[White "Kozak, Adam"]
[Black "Lianes Garcia, Marcos"]
[WhiteFideId "753246"]
[BlackFideId "32060777"]
[WhiteElo "2459"]
[BlackElo "2334"]
[Result "1-0"]
[Round "07"]
[TimeControl "180+1"]
[Date "2022.07.26"]
[WhiteClock "0:01:00"]
[BlackClock "0:00:55"]

1. e4 g6 2. h4 h6 3. d4 Bg7 4. Nc3 c5 5. d5 d6 6. Be3 Nf6 7. Be2 e6 8. dxe6 Bxe6 9. Qd2 Nc6 10. O-O-O Qa5 11. Qxd6 Nd7 12. Nd5 O-O-O 13. Bd2 Nde5 14. Bxa5 Rxd6 15. Bc3 Nd4 16. Bxd4 cxd4 17. Rxd4 Kb8 18. Rd1 Rhd8 19. Nf3 Ng4 20. Rhf1 Bxd5 21. exd5 Rxd5 22. Rxd5 Rxd5 23. c3 Bf8 24. Nd4 Bc5 25. Bxg4 1-0


[Site "https://www.chess.com"]

[Event "Titled Tuesday Blitz July 26 Early 2022"]
[White "Kravtsiv, Martyn"]
[Black "Domingo Nunez, Ruben"]
[WhiteFideId "14113147"]
[BlackFideId "22245570"]
[WhiteElo "2694"]
[BlackElo "2373"]
[Result "1-0"]
[Round "07"]
[TimeControl "180+1"]
[Date "2022.07.26"]
[WhiteClock "0:01:40"]
[BlackClock "0:01:48"]

1. e4 Nc6 2. Nf3 d5 3. exd5 Qxd5 4. Nc3 Qa5 5. Bb5 Bg4 6. h3 Bh5 7. g4 Bg6 8. Ne5 Be4 9. f3 f6 10. Nc4 Qb4 11. fxe4 O-O-O 12. Bxc6 Qxc4 13. Bd5 Qa6 14. Qe2 Qd6 15. d3 e6 16. Bb3 h5 17. gxh5 a6 18. Be3 Qe5 19. O-O-O Bb4 20. d4 Qa5 21. Bxe6+ Kb8 22. Nd5 Bd6 23. Kb1 Re8 24. Bf7 Rxe4 25. Qf3 f5 26. Bd2 Qa4 27. Nc3 Qd7 28. Bxg8 1-0


[Site "https://www.chess.com"]

[Event "Titled Tuesday Blitz July 26 Early 2022"]
[White "Kubicka, Anna"]
[Black "Karttunen, Mika"]
[WhiteFideId "1152254"]
[BlackFideId "502081"]
[WhiteElo "2025"]
[BlackElo "2343"]
[Result "1-0"]
[Round "07"]
[TimeControl "180+1"]
[Date "2022.07.27"]
[WhiteClock "0:00:16"]
[BlackClock "0:00:01"]

1. e4 c5 2. Ne2 d6 3. g3 Nc6 4. Bg2 e5 5. O-O h5 6. h4 Bg4 7. c3 Nf6 8. f3 Be6 9. d4 cxd4 10. cxd4 exd4 11. Nxd4 Qb6 12. Be3 Qxb2 13. Nxe6 fxe6 14. Nd2 d5 15. exd5 Nxd5 16. Bf2 O-O-O 17. Nc4 Qb5 18. Qe2 Kb8 19. a4 Qa6 20. Rfc1 Bb4 21. Bf1 Rhe8 22. Qb2 Na5 23. Na3 Qd6 24. Nb5 Qe7 25. Bxa7+ Ka8 26. Bf2 Rc8 27. Qd4 Nc6 28. Qe4 Ba5 29. Bc5 Qf6 30. Nd6 Qb2 31. Nxc8 Rxc8 32. Qxe6 Nce7 33. Rab1 Qd2 34. Rd1 Qc3 35. Bxe7 1-0


[Site "https://www.chess.com"]

[Event "Titled Tuesday Blitz July 26 Early 2022"]
[White "Kupervaser, Erez"]
[Black "Molina, Roberto Junio Brito"]
[WhiteFideId "2814587"]
[BlackFideId "2109450"]
[WhiteElo "1832"]
[BlackElo "2432"]
[Result "0-1"]
[Round "07"]
[TimeControl "180+1"]
[Date "2022.07.27"]
[WhiteClock "0:01:08"]
[BlackClock "0:01:44"]

1. e4 c6 2. d4 d5 3. e5 Bf5 4. c4 e6 5. Nc3 Ne7 6. Nf3 dxc4 7. Bxc4 Nd7 8. h3 Nb6 9. Bd3 Bxd3 10. Qxd3 Qd7 11. O-O Ned5 12. Ne4 h6 13. Bd2 a5 14. a3 Be7 15. Rac1 a4 16. Rfd1 O-O 17. g4 f5 18. exf6 Bxf6 19. Nc5 Qf7 20. Qe2 Rae8 21. Re1 Nc7 22. Kg2 Nbd5 23. Nxa4 Nb5 24. Qe4 Bxd4 25. Rc4 Nd6 0-1


[Site "https://www.chess.com"]

[Event "Titled Tuesday Blitz July 26 Early 2022"]
[White "Lazavik, Denis"]
[Black "Nakamura, Hikaru"]
[WhiteFideId "13515110"]
[BlackFideId "2016192"]
[WhiteElo "2437"]
[BlackElo "2850"]
[Result "1/2-1/2"]
[Round "07"]
[TimeControl "180+1"]
[Date "2022.07.26"]
[WhiteClock "0:01:11"]
[BlackClock "0:02:08"]

1. d4 Nf6 2. c4 e6 3. Nf3 d5 4. g3 Be7 5. Bg2 O-O 6. O-O dxc4 7. Qc2 b5 8. a4 Bb7 9. axb5 a6 10. bxa6 Nxa6 11. Qxc4 Bd5 12. Qc3 c5 13. Be3 Ne4 14. Qe1 Nb4 15. Rxa8 Qxa8 16. Nc3 Nxc3 17. bxc3 Nc2 18. Qd2 Nxe3 19. Qxe3 cxd4 20. cxd4 Bf6 21. Qf4 Qb8 22. Qg4 g6 23. e3 h5 24. Qf4 Qxf4 25. gxf4 Bxf3 26. Bxf3 Rd8 27. Rd1 Kg7 28. Kg2 Rd6 29. Be4 Rb6 30. Rd2 Rd6 31. Kg3 Rd7 32. Ra2 Rc7 33. d5 exd5 34. Bxd5 Rd7 35. e4 Bc3 36. Rc2 Bb4 37. Rc4 Bd6 38. Rd4 g5 39. e5 gxf4+ 40. Kxf4 Bc5 41. Rd2 Bxf2 42. Ke4 Bh4 43. Rg2+ Kh6 44. Ra2 Kg7 45. Rg2+ Kh6 46. Ra2 Kg7 47. Rg2+ 1/2-1/2


[Site "https://www.chess.com"]

[Event "Titled Tuesday Blitz July 26 Early 2022"]
[White "Le, Tuan Minh"]
[Black "Pichot, Alan"]
[WhiteFideId "12401153"]
[BlackFideId "110973"]
[WhiteElo "2530"]
[BlackElo "2579"]
[Result "1-0"]
[Round "07"]
[TimeControl "180+1"]
[Date "2022.07.26"]
[WhiteClock "0:00:39"]
[BlackClock "0:00:01"]

1. d4 Nf6 2. Nf3 e6 3. Bf4 Be7 4. e3 Nh5 5. Bg3 Nxg3 6. hxg3 O-O 7. Bd3 h6 8. c3 d6 9. Nbd2 Nd7 10. e4 e5 11. O-O b6 12. Re1 Bb7 13. Nf1 Re8 14. Ne3 Bf8 15. Qc2 a6 16. a4 g6 17. Rad1 Bg7 18. dxe5 Nxe5 19. Nxe5 Rxe5 20. f3 b5 21. axb5 axb5 22. Qb3 Qe8 23. Ng4 Rg5 24. e5 dxe5 25. Bxb5 Bc6 26. Bxc6 Qxc6 27. Qd5 Qxd5 28. Rxd5 h5 29. Nf2 Rf5 30. Ne4 Bf8 31. b4 Ra6 32. Rd7 Rc6 33. Kh2 h4 34. gxh4 Rh5 35. g4 Rxh4+ 36. Kg3 Rh7 37. g5 f5 38. Nf6+ Rxf6 39. Rxh7 Rc6 40. Rd7 Rxc3 41. Ra1 e4 42. Ra8 Rxf3+ 43. Kg2 Rd3 44. Rxc7 f4 45. Rcc8 Rg3+ 46. Kh2 Kf7 47. Rxf8+ 1-0


[Site "https://www.chess.com"]

[Event "Titled Tuesday Blitz July 26 Early 2022"]
[White "Leschinsky, Gary"]
[Black "Kuchava, Ana"]
[WhiteFideId "30951321"]
[BlackFideId "13605348"]
[WhiteElo "1809"]
[BlackElo "1955"]
[Result "1-0"]
[Round "07"]
[TimeControl "180+1"]
[Date "2022.07.27"]
[WhiteClock "0:00:17"]
[BlackClock "0:00:02"]

1. d4 d5 2. Bf4 Nf6 3. e3 c6 4. c4 e6 5. Nc3 Bb4 6. Qc2 O-O 7. Nf3 Ne4 8. Bd3 f5 9. h4 Nd7 10. a3 Be7 11. h5 Ndf6 12. Ne5 Qe8 13. Be2 Nxc3 14. bxc3 Ne4 15. a4 a5 16. Bf3 Ng5 17. Be2 Ne4 18. Bd3 Nd6 19. c5 Ne4 20. Rb1 Nf6 21. Qe2 Nd7 22. Nxd7 Bxd7 23. Rxb7 Bc8 24. Rb2 Bf6 25. Bd6 Rf7 26. f4 Rb7 27. Kf2 Qd7 28. Rhb1 Raa7 29. Rb6 Kf7 30. Be5 Bd8 31. R6b3 Rxb3 32. Rxb3 Rb7 33. Qb2 Rxb3 34. Qxb3 Qb7 35. Qc2 Bd7 36. g4 g6 37. hxg6+ hxg6 38. g5 Bc7 39. Bxc7 Qxc7 40. Qb3 Bc8 41. Kg3 Ke7 42. Qb2 Qb7 43. Qh2 Kd8 44. Qh8+ Kc7 45. Qe5+ Kd7 46. Qg7+ Kd8 47. Qxg6 Qb2 48. Qf6+ Kc7 49. Qe7+ Kb8 50. Qd6+ Kb7 51. Ba6+ Kxa6 52. Qxc6+ Ka7 53. Qxc8 Qxc3 54. Qc7+ Ka6 55. Qb6# 1-0


[Site "https://www.chess.com"]

[Event "Titled Tuesday Blitz July 26 Early 2022"]
[White "Lubbe, Nikolas"]
[Black "Hafiz, Arif Abdul"]
[WhiteFideId "4694031"]
[BlackFideId "7104227"]
[WhiteElo "2447"]
[BlackElo "2198"]
[Result "0-1"]
[Round "07"]
[TimeControl "180+1"]
[Date "2022.07.26"]
[WhiteClock "0:00:02"]
[BlackClock "0:00:07"]

1. d4 Nc6 2. Nc3 e5 3. dxe5 Nxe5 4. g3 Bc5 5. Bg2 Nf6 6. Na4 Bb4+ 7. Bd2 Qe7 8. Nh3 Nc4 9. Bxb4 Qxb4+ 10. c3 Qe7 11. b3 Ne5 12. c4 d6 13. Nf4 O-O 14. O-O c6 15. Qd2 Bf5 16. Rad1 Rad8 17. Rfe1 Rfe8 18. h3 g5 19. Nd3 h6 20. Nxe5 dxe5 21. Qe3 b5 22. Nc5 bxc4 23. bxc4 e4 24. Nb3 Qb4 25. Qc5 Qxc5 26. Nxc5 Rxd1 27. Rxd1 Re5 28. Nb3 Be6 29. Rd6 e3 30. Rxc6 exf2+ 31. Kxf2 Ne4+ 32. Bxe4 Rxe4 33. Nd2 Rd4 34. Ke3 Rd7 35. h4 gxh4 36. gxh4 Kg7 37. Nf3 Rb7 38. Nd4 Bg4 39. Kf4 h5 40. c5 Rb4 41. e3 Ra4 42. Rc7 Rxa2 43. c6 a5 44. Ra7 a4 45. c7 Rc2 46. Nb5 Rc4+ 47. Ke5 Rc5+ 48. Kd6 Rxb5 49. Rxa4 Rb6+ 50. Ke7 Rc6 51. Kd8 Kf6 52. Rf4+ Kg6 53. e4 f6 54. Rf2 Kf7 55. Rd2 Be6 56. Rd4 Rc5 57. Rd3 Rc4 58. Rd6 Rc3 59. Rd4 Bg4 60. Rd6 Rc4 61. Rd5 Rc6 62. e5 Re6 63. Rd7+ Kf8 64. c8=Q Re8+ 65. Kc7 Rxc8+ 66. Kxc8 fxe5 67. Kc7 Bxd7 68. Kxd7 e4 0-1


[Site "https://www.chess.com"]

[Event "Titled Tuesday Blitz July 26 Early 2022"]
[White "Madaminov, Mukhiddin"]
[Black "Richter, Nils"]
[WhiteFideId "14210703"]
[BlackFideId "12990809"]
[WhiteElo "2011"]
[BlackElo "2311"]
[Result "0-1"]
[Round "07"]
[TimeControl "180+1"]
[Date "2022.07.26"]
[WhiteClock "0:00:03"]
[BlackClock "0:00:58"]

1. d4 Nf6 2. Nc3 d5 3. Bf4 a6 4. e3 b5 5. Bd3 e6 6. Nf3 c5 7. dxc5 Bxc5 8. e4 O-O 9. e5 Nh5 10. Bd2 g6 11. Bg5 Be7 12. h4 f6 13. exf6 Bxf6 14. Qd2 b4 15. Ne2 Nc6 16. O-O-O e5 17. Qe3 Qc7 18. Qc5 Be6 19. g4 Ng7 20. Bxf6 Rxf6 21. Ng5 e4 22. Nd4 exd3 23. Qxc6 Qf4+ 24. Kb1 Qxd4 25. Qxa8+ Rf8 26. Rxd3 Qxg4 27. Qxa6 Bf5 28. Qb5 Bxd3 29. Qxd5+ Kh8 30. cxd3 h6 31. Nf7+ Kh7 32. Ne5 Qe2 33. d4 Rxf2 34. Nc4 Rf5 35. Qc6 Qd3+ 36. Ka1 Rf1+ 0-1


[Site "https://www.chess.com"]

[Event "Titled Tuesday Blitz July 26 Early 2022"]
[White "Makarian, Rudik"]
[Black "Sychev, Klementy"]
[WhiteFideId "44105681"]
[BlackFideId "4114060"]
[WhiteElo "2403"]
[BlackElo "2564"]
[Result "1-0"]
[Round "07"]
[TimeControl "180+1"]
[Date "2022.07.26"]
[WhiteClock "0:00:03"]
[BlackClock "0:00:17"]

1. d3 d5 2. f4 Nf6 3. Nf3 Nc6 4. Nbd2 Ng4 5. Nb3 d4 6. c3 e5 7. h3 Ne3 8. Bxe3 dxe3 9. fxe5 Nxe5 10. Qc1 Nxf3+ 11. exf3 Qh4+ 12. Kd1 Qe7 13. d4 g6 14. Bd3 Bh6 15. Ke2 Qg5 16. g4 Qf4 17. Qg1 O-O 18. h4 Re8 19. g5 Bf8 20. Qh2 Bd6 21. Qxf4 Bxf4 22. Nc5 Bf5 23. Bxf5 gxf5 24. Nd3 Bd6 25. f4 Re4 26. Raf1 Rae8 27. Rf3 b6 28. Rhh3 c5 29. Rxe3 cxd4 30. cxd4 R8e7 31. Ne5 Rxf4 32. Nc6 Ree4 33. Kd3 a5 34. Ref3 Kf8 35. Na7 Rxd4+ 36. Kc2 Rfe4 37. Nb5 Rc4+ 38. Kd3 f4 39. b3 Rb4 40. a3 Rxb3+ 41. Kxe4 Rxb5 42. Rd3 Ke7 43. Rb3 Rc5 44. Rxb6 Rc4+ 45. Kf5 Rc5+ 46. Kg4 Rc4 47. Rf3 a4 48. Ra6 Rd4 49. Kf5 Rd5+ 50. Ke4 Re5+ 51. Kd4 Rb5 52. Rxa4 Ke6 53. Ra6 Rd5+ 54. Kc4 Rc5+ 55. Kd4 Rd5+ 56. Ke4 Re5+ 57. Kxf4 Ra5+ 58. Rxd6+ Kxd6 59. Kg4 Ke7 60. Kh5 Ra4 61. Rh3 Ra6 62. Re3+ Kf8 63. Kg4 Ra4+ 64. Kg3 Kg7 65. Rf3 Kg6 66. Rf6+ Kg7 67. Rf3 Kg6 68. Kh3 Kh5 69. Rxf7 Rxa3+ 70. Kg2 Kxh4 71. Rxh7+ Kxg5 72. Rh3 Kf6 73. Rxa3 1-0


[Site "https://www.chess.com"]

[Event "Titled Tuesday Blitz July 26 Early 2022"]
[White "Maksimovic, Bojan"]
[Black "Svane, Frederik"]
[WhiteFideId "14408120"]
[BlackFideId "12923044"]
[WhiteElo "2453"]
[BlackElo "2459"]
[Result "1-0"]
[Round "07"]
[TimeControl "180+1"]
[Date "2022.07.26"]
[WhiteClock "0:00:51"]
[BlackClock "0:00:01"]

1. e4 c5 2. Nf3 e6 3. d4 cxd4 4. Nxd4 Nc6 5. Nc3 a6 6. Nxc6 bxc6 7. Bd3 d5 8. Qf3 Nf6 9. O-O Be7 10. Qg3 O-O 11. Bh6 Ne8 12. Bf4 Nf6 13. Bh6 Ne8 14. Bf4 Bb7 15. Rad1 Nf6 16. Be5 Kh8 17. Qh3 h6 18. Ne2 Qb6 19. Ng3 Kg8 20. b3 a5 21. Nh5 Nxh5 22. Qxh5 c5 23. Qg4 f6 24. Bc3 d4 25. Bd2 Kh7 26. h4 Ba6 27. h5 Kh8 28. Qg6 Bb7 29. f4 Bc6 30. e5 Be8 31. Qh7# 1-0


[Site "https://www.chess.com"]

[Event "Titled Tuesday Blitz July 26 Early 2022"]
[White "Manukyan, Sargis A."]
[Black "Putri, Regita Desyari"]
[WhiteFideId "13303970"]
[BlackFideId "7109083"]
[WhiteElo "2187"]
[BlackElo "1930"]
[Result "1-0"]
[Round "07"]
[TimeControl "180+1"]
[Date "2022.07.27"]
[WhiteClock "0:00:11"]
[BlackClock "0:00:13"]

1. d4 Nf6 2. c4 e6 3. Nc3 Bb4 4. Bd2 O-O 5. Nf3 d5 6. e3 b6 7. cxd5 exd5 8. Rc1 Bb7 9. Bd3 Nbd7 10. Nb5 Bxd2+ 11. Qxd2 c5 12. Nd6 Bc6 13. O-O Qe7 14. Nf5 Qd8 15. dxc5 bxc5 16. b4 c4 17. N3d4 Ba4 18. Bb1 Ne5 19. f4 Ng6 20. b5 a6 21. bxa6 Rxa6 22. h4 Re8 23. Rf3 h5 24. Rg3 Ng4 25. Qc3 Rf6 26. Rf1 Bd7 27. Rff3 Be6 28. Bc2 Qd7 29. Nxg7 Kxg7 30. f5 Nxh4 31. fxe6 Nxf3+ 32. gxf3 fxe6 33. fxg4 h4 34. Rh3 e5 35. Nf5+ Rxf5 36. Bxf5 Qe7 37. Qa5 Rd8 38. Qb6 Qd6 39. Qb7+ Kg8 40. Rxh4 Qf6 41. Qh7+ Kf8 42. Rh6 Qg5 43. Qh8+ Ke7 44. Rh7+ Kd6 45. Rh6+ Kc5 46. Qxe5 Qxh6 47. Qc7+ Qc6 48. Qxd8 c3 49. Qe7+ Kc4 50. a3 Qa4 51. Qb4+ Qxb4 52. axb4 Kxb4 53. g5 Kb3 54. g6 c2 55. Bxc2+ Kxc2 56. g7 Kd3 57. g8=Q Kxe3 58. Qg2 Kd4 59. Qd2+ Kc4 60. Kf2 d4 61. Ke2 d3+ 62. Kf3 Kc5 63. Ke3 Kc6 64. Qxd3 Kc7 65. Qd5 1-0


[Site "https://www.chess.com"]

[Event "Titled Tuesday Blitz July 26 Early 2022"]
[White "Mardov, Dimitar"]
[Black "Pranav, V"]
[WhiteFideId "30919495"]
[BlackFideId "25060783"]
[WhiteElo "2185"]
[BlackElo "2380"]
[Result "1-0"]
[Round "07"]
[TimeControl "180+1"]
[Date "2022.07.26"]
[WhiteClock "0:00:22"]
[BlackClock "0:00:02"]

1. d4 Nf6 2. Nf3 e6 3. c4 h6 4. Nc3 Bb4 5. Qc2 c5 6. a3 Bxc3+ 7. Qxc3 b6 8. e3 Bb7 9. Be2 O-O 10. O-O d6 11. Rd1 Qe7 12. b3 Ne4 13. Qc2 f5 14. Bb2 Nd7 15. b4 Rac8 16. bxc5 bxc5 17. Rab1 Ng5 18. d5 Nxf3+ 19. Bxf3 e5 20. Bc3 Ba8 21. Be2 Qg5 22. Qa4 Nf6 23. Qxa7 Ne4 24. Be1 f4 25. f3 Ng3 26. hxg3 fxg3 27. e4 Kh7 28. Qd7 h5 29. Bd2 Qg6 30. Rb6 Rcd8 31. Qe6 Rf6 32. Qh3 Rf7 33. Qh4 Rdd7 34. Qg5 Qxg5 35. Bxg5 Ra7 36. Ra1 Rfd7 37. Bh4 Rab7 38. Rxb7 Rxb7 39. Bxg3 Rb2 40. Kf2 g5 41. Ke3 Bb7 42. Be1 Ba6 43. Bc3 Rb3 44. Kd3 Kg6 45. Bd1 Rb8 46. a4 g4 47. fxg4 h4 48. Bf3 Rf8 49. Rh1 Rh8 50. Be1 h3 51. Rxh3 Rxh3 52. gxh3 1-0


[Site "https://www.chess.com"]

[Event "Titled Tuesday Blitz July 26 Early 2022"]
[White "Martinez Alcantara, Jose Eduardo"]
[Black "Ibarra Jerez, Jose Carlos"]
[WhiteFideId "3805662"]
[BlackFideId "2226332"]
[WhiteElo "2703"]
[BlackElo "2628"]
[Result "1-0"]
[Round "07"]
[TimeControl "180+1"]
[Date "2022.07.26"]
[WhiteClock "0:00:24"]
[BlackClock "0:00:04"]

1. e4 Nc6 2. Nf3 d6 3. d4 Nf6 4. d5 Nb8 5. Nc3 g6 6. h3 Bg7 7. a4 O-O 8. Be2 c6 9. a5 Nbd7 10. Be3 cxd5 11. exd5 Nc5 12. O-O Bd7 13. Nd4 Rc8 14. Re1 Nce4 15. Nxe4 Nxe4 16. c4 a6 17. Qd3 Nc5 18. Qa3 f5 19. Rad1 Ba4 20. b3 Bd7 21. Bf3 Ne4 22. Bxe4 fxe4 23. Qa2 h5 24. Qc2 Bf5 25. Ne6 Bxe6 26. dxe6 Qxa5 27. Qxe4 Qf5 28. Qxb7 Bf6 29. Qxa6 Qxe6 30. Bh6 Qf5 31. Bxf8 Rxf8 32. Qb6 Qc2 33. Qe3 Kg7 34. Qd3 Qb2 35. Re2 Qa3 36. g3 Rb8 37. Re3 Qc5 38. h4 Qa3 39. Rde1 Rb7 40. Qd5 Ra7 41. Kg2 Qb2 42. R1e2 Qb1 43. Re1 Qb2 44. Qf3 Ra2 45. Rxe7+ Kg8 46. R1e6 Bxe7 47. Rxg6+ Kh8 48. Qxh5# 1-0


[Site "https://www.chess.com"]

[Event "Titled Tuesday Blitz July 26 Early 2022"]
[White "Melkumyan, Hrant"]
[Black "Csonka, Balazs"]
[WhiteFideId "13302485"]
[BlackFideId "742910"]
[WhiteElo "2604"]
[BlackElo "2404"]
[Result "1-0"]
[Round "07"]
[TimeControl "180+1"]
[Date "2022.07.26"]
[WhiteClock "0:02:28"]
[BlackClock "0:00:59"]

1. Nf3 Nf6 2. c4 c6 3. Nc3 d5 4. e3 e6 5. d4 Nbd7 6. Qc2 b6 7. b3 Bb7 8. Bb2 Be7 9. Bd3 O-O 10. O-O h6 11. Rad1 Qc7 12. Qe2 Rfe8 13. e4 dxe4 14. Nxe4 Nxe4 15. Qxe4 Nf6 16. Qh4 c5 17. Ne5 cxd4 18. Bxd4 Rad8 19. Ba1 Nd7 20. Qh5 Nf6 21. Qxf7+ 1-0


[Site "https://www.chess.com"]